 Dungeon Crawl Stone Soup version 0.31-a0-188-g5e087ee2ca (webtiles) character file.

Game seed: 17255226184609819364

37 qw the Shooter (level 3, -4/20 HPs)
             Began as a Deep Elf Hunter on June 23, 2023.
             Succumbed to their own poison gas
             ... on level 2 of the Dungeon.
             The game lasted 00:00:20 (650 turns).

qw the Shooter (Deep Elf Hunter)                     Turns: 650, Time: 00:00:20

Health: -4/20      AC:  5    Str: 10    XL:     3   Next: 23%
Magic:  5/5        EV: 11    Int: 13    God:
Gold:   94         SH:  0    Dex: 18    Spells: 2/2 levels left

rFire   . . .        g - +0 shortbow (heavy)
rCold   . . .        (shield currently unavailable)
rNeg    . . .        e - +0 ring mail
rPois   .            (no helmet)
rElec   .            (no cloak)
rCorr   .            (no gloves)
SInv    .            (no boots)
Will    .....        (no amulet)
Stlth   +            (no ring)
HPRegen 0.23/turn    (no ring)
MPRegen 0.09/turn

%: no passive effects
@: lethally poisoned (-4 -> -25)
A: no striking features
a: no special abilities


You were on level 2 of the Dungeon.
You visited 1 branch of the dungeon, and saw 2 of its levels.

You collected 94 gold pieces.


   Skills:
 - Level 1.5 Fighting
 + Level 6.8 Ranged Weapons
 - Level 2.4 Dodging
 - Level 1.2 Stealth


You had 2 spell levels left.
You didn't know any spells.
Your spell library was empty.

Inventory:

Hand Weapons
 g - a +0 heavy shortbow (weapon)
Armour
 e - a +0 ring mail (worn)
Scrolls
 c - a scroll of noise {unknown}
Potions
 a - a potion of mutation {unknown}

Dungeon Overview and Level Annotations

Branches:
Dungeon (2/15)

Altars:

Annotations:
D:2 Sigmund


Message History

Enter note: You shoot an arrow.
The arrow hits Sigmund but does no damage.
Sigmund shouts!
Sigmund points at you and mumbles some strange words.
The puff of flame misses you.
You shoot an arrow. The arrow barely misses Sigmund.
You shoot an arrow. The arrow hits Sigmund.
Sigmund is lightly wounded.
You shoot an arrow. The arrow closely misses Sigmund.
Sigmund casts a spell at you.
You are confused.
Sigmund hits you from afar with a +0 scythe!
Sigmund hits you but does no damage.
Sigmund laughs darkly.
Sigmund barely misses you.
You feel less confused. Sigmund hits you but does no damage.
You shoot an arrow. The arrow barely misses Sigmund.
Sigmund completely misses you.
You shoot an arrow. The arrow hits Sigmund!
Sigmund is heavily wounded.
Sigmund barely misses you.
You shoot an arrow. The arrow hits Sigmund!
Sigmund is almost dead.
Sigmund hits you from afar with a +0 scythe!
Enter note:
Enter note:
Enter note:
Enter note:
649 ||| READING scroll labelled HOC NORPHAAJ.
The air fills with toxic fumes!
As you read the scroll labelled HOC NORPHAAJ, it crumbles to dust.
It was a scroll of poison.
Sigmund hits you from afar with a +0 scythe.
Enter note: Really walk into that cloud of poison gas?
You are engulfed in poison gas.
You are lethally poisoned!
You die...

###### #..... ####.....
#........
#################........ ..
¤¤¤¤¤@¤.@¤¤¤¤¤¤.......... #.
##############¤##........ #.
#.##....#.#. #.
####.##.#....#. #.##
######..........#... ..#
#....<.........##.##
#.######.##.##........##.#
####.##............[...<.##.#
##..........###..#...........#


You could see Sigmund.

Vanquished Creatures
  3 dart slugs
  A ball python (D:1)
  3 endoplasms
  A giant cockroach (D:1)
  3 goblins
  4 hobgoblins
  2 quokkas (D:1)
  5 bats
  A frilled lizard (D:1)
  4 kobolds
  2 rats
29 creatures vanquished.

Notes
Turn   | Place    | Note
-------+----------+-------------------------------------------
     0 | D:1      | qw the Deep Elf Hunter began the quest for the Orb.
     0 | D:1      | Reached XP level 1. HP: 12/12 MP: 3/3
     0 | D:1      | 0 ||| qw: Version: 0.3-a-9-g12657ce
     0 | D:1      | 0 ||| qw: Game counter: 3773
     0 | D:1      | 0 ||| qw: Always use a shield: true
     0 | D:1      | 0 ||| qw: God list: Okawaru
     0 | D:1      | 0 ||| qw: Allow faded altars: false
     0 | D:1      | 0 ||| qw: Do Orc after D:15 true
     0 | D:1      | 0 ||| qw: Do second Lair branch before Depths: true
     0 | D:1      | 0 ||| qw: Lair rune preference: random
     0 | D:1      | 0 ||| qw: Plans: Normal
     0 | D:1      | 0 ||| PLANNING D:1-11
    42 | D:1      | 42 ||| FLEEEEING.
    43 | D:1      | 43 ||| FLEEEEING.
    44 | D:1      | 44 ||| FLEEEEING.
    86 | D:1      | Reached XP level 2. HP: 16/16 MP: 4/4
    88 | D:1      | Reached skill level 6 in Ranged Weapons
   367 | D:1      | 367 ||| UPGRADING to +0 ring mail.
   377 | D:1      | 377 ||| DROPPING +0 leather armour.
   378 | D:1      | 378 ||| READING scroll labelled UNACOI JIYMP.
   379 | D:1      | 379 ||| READING scroll labelled ZUILILOTOE.
   380 | D:1      | 380 ||| DRINKING 2 white potions.
   381 | D:1      | 381 ||| DROPPING scroll of butterflies.
   382 | D:1      | 382 ||| DROPPING potion of invisibility.
   449 | D:2      | Reached XP level 3. HP: 16/20 MP: 5/5
   636 | D:2      | Noticed Sigmund
   649 | D:2      | 649 ||| READING scroll labelled HOC NORPHAAJ.
   649 | D:2      | HP: 3/20 [Sigmund/+0 scythe (5)]
   650 | D:2      | HP: 1/20 [cloud of poison gas (2)]
   650 | D:2      | Succumbed to their own poison gas

Levels and vault maps discovered:
D:1:      heliophobic_arrival_battle_scene, layout_rooms
D:2:      layout_rooms, uniq_sigmund

Skill      XL: |  1  2 |
---------------+-------+-----
Ranged Weapons | 6 |  6.8
Fighting       | |  1.5
Dodging        | |  2.4
Stealth        | |  1.2

Action                     || total
---------------------------++-------
   Fire: Shortbow          ||    68
    Use: Scroll            ||     3
         Potion            ||     1
 Armour: Leather armour    ||     3
         Ring mail         ||     2
  Dodge: Dodged            ||    16

Table legend:
 A = Non-vault XP
 B = Vault XP
 C = Vault XP percentage of total XP
 D = Non-vault monster count
 E = Vault monster count
 F = Vault count percentage of total count
                 A         B        C        D         E       F
            +---------+---------+-------+---------+---------+-------
      Total |      54 |       0 |   0.0 |      29 |       0 |   0.0
            +---------+---------+-------+---------+---------+-------
        D:1 |      27 |       0 |   0.0 |      16 |       0 |   0.0
        D:2 |      27 |       0 |   0.0 |      13 |       0 |   0.0
            +---------+---------+-------+---------+---------+-------
